 Dungeon Crawl Stone Soup version 0.20-a0-433-g9e36e56 (webtiles) character file.

107 Kriby the Magician (level 4, -7/30 HPs)
             Began as a Mummy Fire Elementalist on Jan 4, 2017.
             Killed by divine providence
             ... invoked by an orc priest
              (10 damage)
             ... on level 3 of the Dungeon.
             The game lasted 00:02:44 (3052 turns).

Kriby the Magician (Mummy Fire Elementalist)        Turns: 3052, Time: 00:02:45

Health: -7/30      AC:  3    Str: 11    XL:     4   Next: 57%
Magic:  9/9        EV: 12    Int: 15    God:
Gold:   122        SH:  0    Dex: 12    Spells: 6/10 levels left

rFire  x . .     SeeInvis .     l - +0 trident
rCold  + . .     Gourm    .     a - +0 robe
rNeg   + + +     Faith    .     (no shield)
rPois  ∞         Spirit   .     h - +0 helmet (curse)
rElec  .         Reflect  .     i - -2 cloak (curse)
rCorr  .         Harm     .     k - +0 pair of gloves
MR     .....                    (no boots)
Stlth  ++........               (no amulet)
                                (no ring)
                                (no ring)

@: no status effects
A: no food or potions, fire vulnerability, cold resistance 1, negative energy
resistance 3, torment resistance, unbreathing
a: no special abilities


You were on level 3 of the Dungeon.
You were not hungry.

You visited 1 branch of the dungeon, and saw 3 of its levels.

You collected 122 gold pieces.

Inventory:

Hand Weapons
 l - a +0 trident (weapon)
Armour
 a - a +0 robe (worn)
 h - a cursed +0 helmet (worn)
 i - a cursed -2 cloak (worn)
 k - a +0 pair of gloves (worn)
Scrolls
 c - 5 scrolls of identify {unknown}
 d - a scroll of remove curse {unknown}
 e - a scroll of teleportation {unknown}
 f - a scroll of enchant armour {unknown}
 g - 2 scrolls of amnesia {unknown}
Books
 b - a book of Flames

   Spells                             Type                      Level
   a - Flame Tongue                   Conjuration/Fire             1
   b - Throw Flame                    Conjuration/Fire             2
   c - Conjure Flame                  Conjuration/Fire             3
   d - Inner Flame                    Hexes/Fire                   3
   e - Sticky Flame                   Conjuration/Fire             4
   f - Fireball                       Conjuration/Fire             5


   Skills:
 - Level 1.5 Dodging
 - Level 1.5 Stealth
 + Level 3.7 Spellcasting
 * Level 2.7 Conjurations
 + Level 2.9 Fire Magic


You had 6 spell levels left.
You knew the following spells:

 Your Spells              Type           Power        Failure   Level  Hunger
a - Flame Tongue          Conj/Fire      ##...        8%          1    N/A
b - Conjure Flame         Conj/Fire      ##......     21%         3    N/A

Dungeon Overview and Level Annotations

Branches:
Dungeon (3/15)

Altars:


Innate Abilities, Weirdness & Mutations

You do not eat or drink.
Your flesh is vulnerable to fire.
You are immune to poison.
Your flesh is cold resistant. (rC+)
You are immune to negative energy. (rN+++)
You are immune to unholy pain and torment.
You can survive without breathing.


Message History

Drop what? 12/52 slots (_ for help) (? for menu, Esc to quit)
You drop a +0 dagger.
You start waiting.
Done waiting.
There is a stone staircase leading down here.
You climb downwards.
The orc priest mumbles some strange prayers to Beogh against you.
Beogh smites you!
There is a stone staircase leading up here.
The orc priest mumbles some strange prayers to Beogh against you.
Beogh smites you!
* * * LOW HITPOINT WARNING * * *
The orc priest mumbles some strange prayers to Beogh against you.
You are unaffected.
An orc comes into view. It is wielding a club.
Things that are here:
a stone; a leather armour; an orc skeleton The orc priest invokes the aid of Beogh against you.
Beogh smites you!
You die...

. ##. o .#. .##
##.. .. ..o
#.#.. ... # #)#
.#
######(#####..#
#..o...(@.....#
...####....###.#
#.##.# #.##.#
#.##.# #.##.#
..##.# ## #.#
#..


You could see an orc priest.

Vanquished Creatures
  Terence (D:2)
  4 adders (D:2)
  A worm (D:2)
  2 dart slugs (D:2)
  5 orcs
  2 giant cockroaches (D:1)
  3 goblins (D:2)
  4 hobgoblins
  8 kobolds
  2 bats
  4 frilled lizards
  3 rats
39 creatures vanquished.

Notes
Turn   | Place    | Note
-------+----------+-------------------------------------------
     0 | D:1      | Kriby the Mummy Fire Elementalist began the quest for the Orb.
     0 | D:1      | Reached XP level 1. HP: 13/13 MP: 4/4
    39 | D:1      | Reached skill level 1 in Conjurations
   291 | D:1      | Reached XP level 2. HP: 19/19 MP: 2/5
   415 | D:1      | Reached skill level 3 in Spellcasting
  1152 | D:2      | Reached XP level 3. HP: 22/24 MP: 1/7
  1343 | D:2      | Noticed Terence
  1448 | D:2      | Learned a level 3 spell: Conjure Flame
  2434 | D:3      | Reached XP level 4. HP: 25/30 MP: 2/9
  2819 | D:2      | Killed Terence
  3052 | D:3      | Killed from afar by an orc priest

Vault maps used:
D:1:      mushboom_english_gardens
D:2:      first_bread, corexii_leaking_fountain, uniq_terence
D:3:      lightli_corner_chamber

Skill      XL: |  1  2  3 |
---------------+----------+-----
Conjurations   | 1 2 |  2.7
Spellcasting   | 3 |  3.7
Dodging        | |  1.5
Stealth        | |  1.5
Fire Magic     | |  2.9

Action                   |  1- 3 |  4- 6 || total
-------------------------+-------+-------++-------
Melee: Dagger            |     6 |       ||     6
 Cast: Flame Tongue      |    79 |    16 ||    95
       Conjure Flame     |     1 |     1 ||     2
Armor: Robe              |    14 |     5 ||    19
Dodge: Dodged            |    32 |    10 ||    42
